Connexion

NEW YORK Rangers vs TAMPA BAY Lightning

Created - 27 novembre 2023 at 05:49

Goals
1 2 3 T
NEW YORK Rangers 0 2 1 3
TAMPA BAY Lightning 2 1 2 5
Shots
1 2 3 T
NEW YORK Rangers 14 11 8 33
TAMPA BAY Lightning 10 6 9 25

GoalsPenalties
1st period
1. TAMPA BAY Lightning , Rasmus Asplund 10 (Adam Henrique 18) at 1:12
2. TAMPA BAY Lightning , Anders Lee 17 (Evgeny Kuznetsov 28, Evander Kane 24) at 6:28
Oskar Sundqvist (T.B) for Delaying the game (Minor) at 10:26
2nd period
3. TAMPA BAY Lightning , Denis Malgin 4 (Artem Zub 17, Cole Sillinger 3) at 3:02
4. NEW YORK Rangers , Zach Hyman 10 (Jakob Chychrun 25, Logan Couture 15) at 15:32
5. NEW YORK Rangers , Taylor Hall 16 (Ryan Strome 22, Travis Konecny 24) at 16:25
Marco Scandella (T.B) for Cross-checking (Minor) at 8:35
Adam Henrique (T.B) for Hooking (Minor) at 11:11
3rd period
6. TAMPA BAY Lightning , Rasmus Asplund 11 (Adam Henrique 19, Martin Fehervary 6) at 9:22
7. TAMPA BAY Lightning , Evander Kane 21 (Artem Zub 18, Anders Lee 25) at 10:06
8. NEW YORK Rangers , Ty Dellandrea 3 (Jon Merrill 15) at 19:53
Mark Friedman (T.B) for Holding (Minor) at 14:40
Goalie Stats
Semyon Varlamov (NYR), 20 saves from 25 shots - (0,800), L, 13-7-1, 60:00 minutes
Garret Sparks (T.B), 30 saves from 33 shots - (0,909), W, 1-2-0, 60:00 minutes
3 StarsOfficial
1 - Rasmus Asplund (T.B)
2 - Evander Kane (T.B)
3 - Anders Lee (T.B)
Referees : Don VanMassenhoven and Brad Meier
Linesman : Tim Nowak and Brian Murphy
Game Note
John Moore is injured at 1:36 of 1st period (Strained Right Knee)
Finance
Level 1 -- Attendance: 5777 (96,28%) -- Ticket Income 739 456 $
Level 2 -- Attendance: 5867 (86,82%) -- Ticket Income 410 690 $
Level 3 -- Attendance: 1897 (94,85%) -- Ticket Income 104 335 $
Level 4 -- Attendance: 4000 (100,00%) -- Ticket Income 128 000 $
Luxury Box -- Attendance: 1000 (100,00%) -- Ticket Income 300 000 $
Game was played at the St. Pete Times Forum.
Total Attendance: 18541 (93,84%)
Total Ticket Income: 1 682 481 $
Other Income: 336 496 $
Total Income: 2 018 977 $



Team Name Goals Shots Shots Attemp Shots Blocked PIM HIT PP PK FO%
NEW YORK Rangers 33367100240 / 4 (0%)051%
TAMPA BAY Lightning 5255498170 / 0 (0,00%049%

NEW YORK Rangers
Player Name POS G A P +/- PIM HIT SHT SB MP PP MP PP SHT PK MP PK SHT FO% FOT
Cody GoloubefD000-2040222:434:1300:0000% 0
Jakob ChychrunD0110013226:223:2730:0000% 0
Jesse PuljujarviRW0000001012:090:0000:0000% 0
John MooreD000-100010:320:0000:0000% 0
Jon MerrillD0110012122:554:2900:0000% 0
Kieffer BellowsLW0000023012:090:0000:00033% 3
Logan CoutureC/LW011-1003119:313:3620:000100% 1
Logan StanleyD000-1010115:310:0000:0000% 0
Nolan PatrickC000-1013019:313:3610:00058% 24
Ryan StromeC/RW011-1001022:294:1410:00044% 34
Taylor HallC/LW101-1027022:044:2030:000100% 1
Torey KrugD0000062229:032:5420:0000% 0
Travis KonecnyC/LW/RW011-1014022:044:2020:0000% 1
Trevor MooreC/LW/RW000000006:160:0000:0000% 0
Ty DellandreaC101001208:380:5510:00063% 8
Tyler EnnisC/LW0000010012:160:0000:00060% 10
Vasili PodkolzinRW000000006:160:0000:0000% 0
Zach HymanC/LW/RW101-1032019:313:3610:0000% 2
TAMPA BAY Lightning
Player Name POS G A P +/- PIM HIT SHT SB MP PP MP PP SHT PK MP PK SHT FO% FOT
Adam HenriqueC/LW0222205016:040:0000:0000% 0
Anders LeeC/LW112-1013024:040:0005:1900% 2
Artem ZubD0220011120:360:0003:2200% 0
Cole SillingerC011100205:360:0000:00063% 8
Denis MalginC/LW/RW101100115:360:0000:000100% 1
Evander KaneC/LW/RW112-1033021:220:0002:3700% 5
Evgeny KuznetsovC011-1002124:040:0005:19045% 40
Ivan ProvorovD0001012325:140:0004:2400% 0
Jesperi KotkaniemiC/LW0000021011:380:0000:00056% 9
Josh MahuraD0001000014:100:0000:1000% 0
Kent JohnsonC/LW0000000012:110:0000:3300% 0
Lawson CrouseLW/RW000101005:360:0000:000100% 1
Marco ScandellaD0000220320:150:0003:0200% 0
Mark FriedmanD0001211024:170:0003:2800% 0
Martin FehervaryD0111010015:260:0001:2600% 0
Oskar SundqvistC0002242018:080:0002:04061% 18
Peter CehlarikLW/RW0000000011:380:0000:0000% 0
Rasmus AsplundC/RW2022002016:050:0000:0000% 0



Play-by-Play

1st period


0:01 of 1st period - Ryan Strome wins face-off versus Evgeny Kuznetsov in neutral zone.
0:26 of 1st period - Shot by Ryan Strome.
0:26 of 1st period - Shot Misses the Net.
1:10 of 1st period - Shot by Adam Henrique.
1:10 of 1st period - Stopped by Semyon Varlamov with a rebound.
1:12 of 1st period - Shot by Rasmus Asplund.
1:12 of 1st period - Goal by Rasmus Asplund - NEW YORK Rangers : 0 - TAMPA BAY Lightning : 1.
1:13 of 1st period - Tyler Ennis wins face-off versus Jesperi Kotkaniemi in neutral zone.
1:24 of 1st period - Shot by Kieffer Bellows.
1:24 of 1st period - Stopped by Garret Sparks without a rebound.
1:25 of 1st period - Ty Dellandrea wins face-off versus Oskar Sundqvist in TAMPA BAY Lightning zone.
1:36 of 1st period - Shot by Adam Henrique.
1:36 of 1st period - Shot Blocked by John Moore.
1:36 of 1st period - John Moore from NEW YORK Rangers is injured at 1:36 of 1st period (Strained Right Knee).
1:37 of 1st period - Cole Sillinger wins face-off versus Nolan Patrick in NEW YORK Rangers zone.
1:39 of 1st period - Denis Malgin is hit by Cody Goloubef and loses puck.
1:42 of 1st period - Shot by Cole Sillinger.
1:42 of 1st period - Stopped by Semyon Varlamov without a rebound.
1:43 of 1st period - Tyler Ennis wins face-off versus Jesperi Kotkaniemi in NEW YORK Rangers zone.
3:12 of 1st period - Icing by Jesse Puljujarvi.
3:13 of 1st period - Kieffer Bellows wins face-off versus Evander Kane in NEW YORK Rangers zone.
3:37 of 1st period - Shot by Evander Kane.
3:37 of 1st period - Stopped by Semyon Varlamov without a rebound.
3:38 of 1st period - Cole Sillinger wins face-off versus Nolan Patrick in NEW YORK Rangers zone.
3:38 of 1st period - Cole Sillinger is hit by Cody Goloubef.
4:38 of 1st period - Shot by Anders Lee.
4:38 of 1st period - Shot Misses the Net.
4:40 of 1st period - Shot by Ivan Provorov.
4:40 of 1st period - Stopped by Semyon Varlamov without a rebound.
4:41 of 1st period - Ryan Strome wins face-off versus Oskar Sundqvist in NEW YORK Rangers zone.
4:53 of 1st period - Shot by Ryan Strome.
4:53 of 1st period - Shot Misses the Net.
5:25 of 1st period - Icing by Oskar Sundqvist.
5:26 of 1st period - Oskar Sundqvist wins face-off versus Ty Dellandrea in TAMPA BAY Lightning zone.
5:45 of 1st period - Icing by Cody Goloubef.
5:46 of 1st period - Evgeny Kuznetsov wins face-off versus Ty Dellandrea in NEW YORK Rangers zone.
5:47 of 1st period - Shot by Anders Lee.
5:47 of 1st period - Shot Misses the Net.
5:49 of 1st period - Shot by Anders Lee.
5:49 of 1st period - Stopped by Semyon Varlamov with a rebound.
6:28 of 1st period - Shot by Anders Lee.
6:28 of 1st period - Goal by Anders Lee - NEW YORK Rangers : 0 - TAMPA BAY Lightning : 2.
6:29 of 1st period - Jesperi Kotkaniemi wins face-off versus Ryan Strome in neutral zone.
6:38 of 1st period - Shot by Jesperi Kotkaniemi.
6:38 of 1st period - Stopped by Semyon Varlamov without a rebound.
6:39 of 1st period - Nolan Patrick wins face-off versus Oskar Sundqvist in NEW YORK Rangers zone.
6:53 of 1st period - Off-side.
6:54 of 1st period - Jesperi Kotkaniemi wins face-off versus Ryan Strome in neutral zone.
7:20 of 1st period - Travis Konecny is hit by Marco Scandella.
7:32 of 1st period - Shot by Taylor Hall.
7:32 of 1st period - Stopped by Garret Sparks without a rebound.
7:33 of 1st period - Nolan Patrick wins face-off versus Evgeny Kuznetsov in TAMPA BAY Lightning zone.
7:41 of 1st period - Icing by Mark Friedman.
7:42 of 1st period - Logan Couture wins face-off versus Evgeny Kuznetsov in TAMPA BAY Lightning zone.
7:47 of 1st period - Shot by Nolan Patrick.
7:47 of 1st period - Stopped by Garret Sparks without a rebound.
7:48 of 1st period - Evgeny Kuznetsov wins face-off versus Nolan Patrick in TAMPA BAY Lightning zone.
7:48 of 1st period - Evgeny Kuznetsov is hit by Zach Hyman.
7:59 of 1st period - Icing by Zach Hyman.
8:00 of 1st period - Nolan Patrick wins face-off versus Oskar Sundqvist in NEW YORK Rangers zone.
8:02 of 1st period - Icing by Logan Couture.
8:03 of 1st period - Nolan Patrick wins face-off versus Evgeny Kuznetsov in NEW YORK Rangers zone.
8:03 of 1st period - Nolan Patrick is hit by Anders Lee.
8:12 of 1st period - Torey Krug is hit by Mark Friedman and loses puck.
9:10 of 1st period - Shot by Travis Konecny.
9:10 of 1st period - Stopped by Garret Sparks without a rebound.
9:11 of 1st period - Jesperi Kotkaniemi wins face-off versus Tyler Ennis in TAMPA BAY Lightning zone.
10:13 of 1st period - Travis Konecny is hit by Martin Fehervary and loses puck.
10:17 of 1st period - Icing by Adam Henrique.
10:18 of 1st period - Oskar Sundqvist wins face-off versus Zach Hyman in TAMPA BAY Lightning zone.
10:18 of 1st period - Adam Henrique is hit by Zach Hyman and loses puck.
10:26 of 1st period - Minor Penalty to Oskar Sundqvist for Delaying the game.
10:27 of 1st period - Taylor Hall wins face-off versus Evgeny Kuznetsov in TAMPA BAY Lightning zone.
10:32 of 1st period - Shot by Jakob Chychrun.
10:32 of 1st period - Shot Misses the Net.
10:34 of 1st period - Shot by Ryan Strome.
10:34 of 1st period - Shot Misses the Net.
10:36 of 1st period - Shot by Travis Konecny.
10:36 of 1st period - Shot Misses the Net.
10:38 of 1st period - Shot by Jakob Chychrun.
10:38 of 1st period - Stopped by Garret Sparks with a rebound.
10:40 of 1st period - Shot by Taylor Hall.
10:40 of 1st period - Stopped by Garret Sparks with a rebound.
10:42 of 1st period - Shot by Ryan Strome.
10:42 of 1st period - Deflect By Travis Konecny.
10:42 of 1st period - Shot Misses the Net.
10:44 of 1st period - Shot by Ryan Strome.
10:44 of 1st period - Stopped by Garret Sparks without a rebound.
10:45 of 1st period - Evgeny Kuznetsov wins face-off versus Nolan Patrick in TAMPA BAY Lightning zone.
11:31 of 1st period - Icing by Nolan Patrick.
11:32 of 1st period - Nolan Patrick wins face-off versus Evander Kane in NEW YORK Rangers zone.
11:57 of 1st period - Shot by Taylor Hall.
11:57 of 1st period - Stopped by Garret Sparks with a rebound.
11:59 of 1st period - Shot by Torey Krug.
11:59 of 1st period - Stopped by Garret Sparks without a rebound.
12:00 of 1st period - Evgeny Kuznetsov wins face-off versus Travis Konecny in TAMPA BAY Lightning zone.
12:13 of 1st period - Shot by Jakob Chychrun.
12:13 of 1st period - Stopped by Garret Sparks without a rebound.
12:14 of 1st period - Evgeny Kuznetsov wins face-off versus Zach Hyman in TAMPA BAY Lightning zone.
12:41 of 1st period - Shot by Rasmus Asplund.
12:41 of 1st period - Shot Misses the Net.
12:53 of 1st period - Shot by Adam Henrique.
12:53 of 1st period - Stopped by Semyon Varlamov without a rebound.
12:54 of 1st period - Cole Sillinger wins face-off versus Ryan Strome in NEW YORK Rangers zone.
13:16 of 1st period - Icing by Logan Stanley.
13:17 of 1st period - Evgeny Kuznetsov wins face-off versus Ryan Strome in NEW YORK Rangers zone.
13:30 of 1st period - Shot by Evgeny Kuznetsov.
13:30 of 1st period - Shot Misses the Net.
13:46 of 1st period - Shot by Travis Konecny.
13:46 of 1st period - Shot Misses the Net.
13:48 of 1st period - Shot by Jon Merrill.
13:48 of 1st period - Stopped by Garret Sparks with a rebound.
14:10 of 1st period - Shot by Nolan Patrick.
14:10 of 1st period - Shot Blocked by Artem Zub.
15:37 of 1st period - Shot by Kieffer Bellows.
15:37 of 1st period - Stopped by Garret Sparks without a rebound.
15:38 of 1st period - Lawson Crouse wins face-off versus Ryan Strome in TAMPA BAY Lightning zone.
15:45 of 1st period - Shot by Cole Sillinger.
15:45 of 1st period - Stopped by Semyon Varlamov without a rebound.
15:46 of 1st period - Ryan Strome wins face-off versus Cole Sillinger in NEW YORK Rangers zone.
15:59 of 1st period - Shot by Taylor Hall.
15:59 of 1st period - Stopped by Garret Sparks with a rebound.
16:01 of 1st period - Shot by Taylor Hall.
16:01 of 1st period - Stopped by Garret Sparks without a rebound.
16:02 of 1st period - Tyler Ennis wins face-off versus Evgeny Kuznetsov in TAMPA BAY Lightning zone.
17:11 of 1st period - Travis Konecny is hit by Oskar Sundqvist and loses puck.
17:25 of 1st period - Off-side.
17:26 of 1st period - Jesperi Kotkaniemi wins face-off versus Nolan Patrick in neutral zone.
17:49 of 1st period - Shot by Peter Cehlarik.
17:49 of 1st period - Shot Misses the Net.
17:51 of 1st period - Shot by Peter Cehlarik.
17:51 of 1st period - Deflect By Kent Johnson.
17:51 of 1st period - Shot Misses the Net.
19:10 of 1st period - Evgeny Kuznetsov is hit by Torey Krug and loses puck.
Goals for this period are 0 for NEW YORK Rangers vs 2 for TAMPA BAY Lightning.
Shots for this period are 14 for NEW YORK Rangers vs 10 for TAMPA BAY Lightning.

2nd period


0:01 of 2nd period - Ryan Strome wins face-off versus Evgeny Kuznetsov in neutral zone.
0:33 of 2nd period - Icing by Cody Goloubef.
0:34 of 2nd period - Oskar Sundqvist wins face-off versus Ryan Strome in NEW YORK Rangers zone.
2:21 of 2nd period - Icing by Evander Kane.
2:22 of 2nd period - Evgeny Kuznetsov wins face-off versus Tyler Ennis in TAMPA BAY Lightning zone.
2:31 of 2nd period - Shot by Tyler Ennis.
2:31 of 2nd period - Shot Misses the Net.
2:54 of 2nd period - Shot by Kieffer Bellows.
2:54 of 2nd period - Stopped by Garret Sparks without a rebound.
2:55 of 2nd period - Cole Sillinger wins face-off versus Ryan Strome in TAMPA BAY Lightning zone.
3:02 of 2nd period - Shot by Denis Malgin.
3:02 of 2nd period - Goal by Denis Malgin - NEW YORK Rangers : 0 - TAMPA BAY Lightning : 3.
3:03 of 2nd period - Nolan Patrick wins face-off versus Jesperi Kotkaniemi in neutral zone.
3:32 of 2nd period - Shot by Nolan Patrick.
3:32 of 2nd period - Stopped by Garret Sparks with a rebound.
4:07 of 2nd period - Rasmus Asplund is hit by Jon Merrill and loses puck.
4:28 of 2nd period - Shot by Adam Henrique.
4:28 of 2nd period - Deflect By Rasmus Asplund.
4:28 of 2nd period - Shot Blocked by Cody Goloubef.
4:36 of 2nd period - Josh Mahura is hit by Taylor Hall and loses puck.
4:47 of 2nd period - Icing by Taylor Hall.
4:48 of 2nd period - Evgeny Kuznetsov wins face-off versus Ryan Strome in NEW YORK Rangers zone.
4:48 of 2nd period - Evgeny Kuznetsov is hit by Cody Goloubef.
4:50 of 2nd period - Shot by Evander Kane.
4:50 of 2nd period - Shot Misses the Net.
4:52 of 2nd period - Shot by Mark Friedman.
4:52 of 2nd period - Stopped by Semyon Varlamov with a rebound.
4:54 of 2nd period - Shot by Anders Lee.
4:54 of 2nd period - Deflect By Evgeny Kuznetsov.
4:54 of 2nd period - Stopped by Semyon Varlamov without a rebound.
4:55 of 2nd period - Ty Dellandrea wins face-off versus Evgeny Kuznetsov in NEW YORK Rangers zone.
5:58 of 2nd period - Shot by Nolan Patrick.
5:58 of 2nd period - Shot Misses the Net.
6:00 of 2nd period - Shot by Zach Hyman.
6:00 of 2nd period - Shot Misses the Net.
6:02 of 2nd period - Shot by Logan Couture.
6:02 of 2nd period - Shot Blocked by Marco Scandella.
6:04 of 2nd period - Shot by Zach Hyman.
6:04 of 2nd period - Shot Misses the Net.
6:22 of 2nd period - Shot by Zach Hyman.
6:22 of 2nd period - Shot Misses the Net.
6:24 of 2nd period - Shot by Zach Hyman.
6:24 of 2nd period - Shot Misses the Net.
6:26 of 2nd period - Shot by Jon Merrill.
6:26 of 2nd period - Stopped by Garret Sparks without a rebound.
6:27 of 2nd period - Oskar Sundqvist wins face-off versus Ryan Strome in TAMPA BAY Lightning zone.
6:48 of 2nd period - Shot by Travis Konecny.
6:48 of 2nd period - Shot Misses the Net.
7:43 of 2nd period - Torey Krug is hit by Evander Kane and loses puck.
8:35 of 2nd period - Minor Penalty to Marco Scandella for Cross-checking.
8:36 of 2nd period - Ty Dellandrea wins face-off versus Evgeny Kuznetsov in TAMPA BAY Lightning zone.
8:39 of 2nd period - Shot by Travis Konecny.
8:39 of 2nd period - Shot Blocked by Evgeny Kuznetsov.
8:41 of 2nd period - Shot by Ty Dellandrea.
8:41 of 2nd period - Stopped by Garret Sparks without a rebound.
8:42 of 2nd period - Nolan Patrick wins face-off versus Evgeny Kuznetsov in TAMPA BAY Lightning zone.
8:43 of 2nd period - Shot by Zach Hyman.
8:43 of 2nd period - Shot Misses the Net.
8:45 of 2nd period - Shot by Torey Krug.
8:45 of 2nd period - Stopped by Garret Sparks without a rebound.
8:46 of 2nd period - Ryan Strome wins face-off versus Evgeny Kuznetsov in TAMPA BAY Lightning zone.
8:59 of 2nd period - Shot by Travis Konecny.
8:59 of 2nd period - Stopped by Garret Sparks without a rebound.
9:00 of 2nd period - Nolan Patrick wins face-off versus Evgeny Kuznetsov in TAMPA BAY Lightning zone.
9:13 of 2nd period - Shot by Torey Krug.
9:13 of 2nd period - Shot Misses the Net.
10:04 of 2nd period - Shot by Travis Konecny.
10:04 of 2nd period - Stopped by Garret Sparks without a rebound.
10:05 of 2nd period - Evgeny Kuznetsov wins face-off versus Ryan Strome in TAMPA BAY Lightning zone.
10:11 of 2nd period - Icing by Ryan Strome.
10:12 of 2nd period - Evgeny Kuznetsov wins face-off versus Ryan Strome in NEW YORK Rangers zone.
10:15 of 2nd period - Shot by Evgeny Kuznetsov.
10:15 of 2nd period - Shot Misses the Net.
10:39 of 2nd period - Jakob Chychrun is hit by Oskar Sundqvist and loses puck.
10:44 of 2nd period - Shot by Oskar Sundqvist.
10:44 of 2nd period - Stopped by Semyon Varlamov with a rebound.
10:50 of 2nd period - Shot by Adam Henrique.
10:50 of 2nd period - Shot Blocked by Torey Krug.
10:52 of 2nd period - Shot by Oskar Sundqvist.
10:52 of 2nd period - Shot Blocked by Jakob Chychrun.
11:00 of 2nd period - Marco Scandella is hit by Kieffer Bellows and loses puck.
11:11 of 2nd period - Minor Penalty to Adam Henrique for Hooking.
11:12 of 2nd period - Ryan Strome wins face-off versus Evgeny Kuznetsov in TAMPA BAY Lightning zone.
11:36 of 2nd period - Icing by Taylor Hall.
11:37 of 2nd period - Ryan Strome wins face-off versus Evgeny Kuznetsov in NEW YORK Rangers zone.
12:41 of 2nd period - Shot by Torey Krug.
12:41 of 2nd period - Deflect By Nolan Patrick.
12:41 of 2nd period - Stopped by Garret Sparks without a rebound.
12:42 of 2nd period - Ryan Strome wins face-off versus Evgeny Kuznetsov in TAMPA BAY Lightning zone.
12:53 of 2nd period - Shot by Travis Konecny.
12:53 of 2nd period - Shot Misses the Net.
12:55 of 2nd period - Shot by Ryan Strome.
12:55 of 2nd period - Shot Blocked by Ivan Provorov.
12:57 of 2nd period - Shot by Taylor Hall.
12:57 of 2nd period - Stopped by Garret Sparks without a rebound.
12:58 of 2nd period - Evgeny Kuznetsov wins face-off versus Nolan Patrick in TAMPA BAY Lightning zone.
13:27 of 2nd period - Torey Krug is hit by Jesperi Kotkaniemi and loses puck.
13:37 of 2nd period - Icing by Torey Krug.
13:38 of 2nd period - Denis Malgin wins face-off versus Tyler Ennis in NEW YORK Rangers zone.
13:49 of 2nd period - Shot by Lawson Crouse.
13:49 of 2nd period - Shot Misses the Net.
14:16 of 2nd period - Icing by Ivan Provorov.
14:17 of 2nd period - Ryan Strome wins face-off versus Cole Sillinger in TAMPA BAY Lightning zone.
14:18 of 2nd period - Shot by Travis Konecny.
14:18 of 2nd period - Shot Blocked by Denis Malgin.
14:20 of 2nd period - Shot by Ryan Strome.
14:20 of 2nd period - Shot Blocked by Ivan Provorov.
14:48 of 2nd period - Travis Konecny is hit by Lawson Crouse and loses puck.
15:14 of 2nd period - Icing by Nolan Patrick.
15:15 of 2nd period - Nolan Patrick wins face-off versus Evgeny Kuznetsov in NEW YORK Rangers zone.
15:15 of 2nd period - Nolan Patrick is hit by Evander Kane.
15:23 of 2nd period - Icing by Jakob Chychrun.
15:24 of 2nd period - Nolan Patrick wins face-off versus Evander Kane in NEW YORK Rangers zone.
15:32 of 2nd period - Shot by Jakob Chychrun.
15:32 of 2nd period - Deflect By Zach Hyman.
15:32 of 2nd period - Goal by Zach Hyman - NEW YORK Rangers : 1 - TAMPA BAY Lightning : 3.
15:33 of 2nd period - Tyler Ennis wins face-off versus Evgeny Kuznetsov in neutral zone.
15:46 of 2nd period - Evgeny Kuznetsov is hit by Cody Goloubef and loses puck.
15:55 of 2nd period - Shot by Evgeny Kuznetsov.
15:55 of 2nd period - Stopped by Semyon Varlamov without a rebound.
15:56 of 2nd period - Oskar Sundqvist wins face-off versus Ryan Strome in NEW YORK Rangers zone.
16:07 of 2nd period - Icing by Torey Krug.
16:08 of 2nd period - Ryan Strome wins face-off versus Anders Lee in NEW YORK Rangers zone.
16:18 of 2nd period - Travis Konecny is hit by Marco Scandella and loses puck.
16:23 of 2nd period - Shot by Ryan Strome.
16:23 of 2nd period - Shot Blocked by Marco Scandella.
16:25 of 2nd period - Shot by Taylor Hall.
16:25 of 2nd period - Goal by Taylor Hall - NEW YORK Rangers : 2 - TAMPA BAY Lightning : 3.
16:26 of 2nd period - Oskar Sundqvist wins face-off versus Nolan Patrick in neutral zone.
16:26 of 2nd period - Oskar Sundqvist is hit by Nolan Patrick.
16:47 of 2nd period - Shot by Ivan Provorov.
16:47 of 2nd period - Stopped by Semyon Varlamov with a rebound.
16:50 of 2nd period - Rasmus Asplund is hit by Logan Stanley and loses puck.
17:06 of 2nd period - Shot by Adam Henrique.
17:06 of 2nd period - Deflect By Oskar Sundqvist.
17:06 of 2nd period - Shot Misses the Net.
17:08 of 2nd period - Shot by Rasmus Asplund.
17:08 of 2nd period - Shot Misses the Net.
18:29 of 2nd period - Icing by Josh Mahura.
18:30 of 2nd period - Ty Dellandrea wins face-off versus Jesperi Kotkaniemi in TAMPA BAY Lightning zone.
19:18 of 2nd period - Jon Merrill is hit by Jesperi Kotkaniemi and loses puck.
Goals for this period are 2 for NEW YORK Rangers vs 1 for TAMPA BAY Lightning.
Shots for this period are 11 for NEW YORK Rangers vs 6 for TAMPA BAY Lightning.

3rd period


0:01 of 3rd period - Ryan Strome wins face-off versus Evgeny Kuznetsov in neutral zone.
0:42 of 3rd period - Shot by Taylor Hall.
0:42 of 3rd period - Shot Misses the Net.
1:13 of 3rd period - Nolan Patrick is hit by Artem Zub and loses puck.
1:22 of 3rd period - Shot by Oskar Sundqvist.
1:22 of 3rd period - Stopped by Semyon Varlamov without a rebound.
1:23 of 3rd period - Jesperi Kotkaniemi wins face-off versus Kieffer Bellows in NEW YORK Rangers zone.
1:26 of 3rd period - Shot by Kent Johnson.
1:26 of 3rd period - Shot Misses the Net.
1:28 of 3rd period - Shot by Peter Cehlarik.
1:28 of 3rd period - Shot Blocked by Logan Stanley.
2:32 of 3rd period - Shot by Oskar Sundqvist.
2:32 of 3rd period - Deflect By Rasmus Asplund.
2:32 of 3rd period - Shot Misses the Net.
2:36 of 3rd period - Shot by Adam Henrique.
2:36 of 3rd period - Deflect By Rasmus Asplund.
2:36 of 3rd period - Shot Blocked by Jakob Chychrun.
2:38 of 3rd period - Shot by Oskar Sundqvist.
2:38 of 3rd period - Shot Blocked by Torey Krug.
2:44 of 3rd period - Shot by Adam Henrique.
2:44 of 3rd period - Stopped by Semyon Varlamov without a rebound.
2:45 of 3rd period - Evgeny Kuznetsov wins face-off versus Ryan Strome in NEW YORK Rangers zone.
3:26 of 3rd period - Shot by Ryan Strome.
3:26 of 3rd period - Shot Misses the Net.
4:00 of 3rd period - Oskar Sundqvist is hit by Zach Hyman.
4:07 of 3rd period - Marco Scandella is hit by Jakob Chychrun and loses puck.
4:12 of 3rd period - Shot by Rasmus Asplund.
4:12 of 3rd period - Shot Misses the Net.
4:33 of 3rd period - Peter Cehlarik is hit by Torey Krug and loses puck.
4:41 of 3rd period - Jesperi Kotkaniemi is hit by Torey Krug and loses puck.
4:47 of 3rd period - Jesperi Kotkaniemi is hit by Torey Krug and loses puck.
5:42 of 3rd period - Shot by Taylor Hall.
5:42 of 3rd period - Shot Misses the Net.
5:44 of 3rd period - Shot by Ryan Strome.
5:44 of 3rd period - Deflect By Taylor Hall.
5:44 of 3rd period - Shot Misses the Net.
6:08 of 3rd period - Shot by Kieffer Bellows.
6:08 of 3rd period - Shot Misses the Net.
6:13 of 3rd period - Kent Johnson is hit by Tyler Ennis and loses puck.
6:19 of 3rd period - Martin Fehervary is hit by Ty Dellandrea.
6:49 of 3rd period - Shot by Anders Lee.
6:49 of 3rd period - Shot Misses the Net.
6:57 of 3rd period - Shot by Evander Kane.
6:57 of 3rd period - Stopped by Semyon Varlamov without a rebound.
6:58 of 3rd period - Ty Dellandrea wins face-off versus Oskar Sundqvist in NEW YORK Rangers zone.
7:07 of 3rd period - Shot by Vasili Podkolzin.
7:07 of 3rd period - Deflect By Trevor Moore.
7:07 of 3rd period - Shot Misses the Net.
7:17 of 3rd period - Shot by Adam Henrique.
7:17 of 3rd period - Stopped by Semyon Varlamov without a rebound.
7:18 of 3rd period - Ryan Strome wins face-off versus Cole Sillinger in NEW YORK Rangers zone.
7:25 of 3rd period - Icing by Lawson Crouse.
7:26 of 3rd period - Cole Sillinger wins face-off versus Tyler Ennis in TAMPA BAY Lightning zone.
7:52 of 3rd period - Shot by Jesse Puljujarvi.
7:52 of 3rd period - Stopped by Garret Sparks with a rebound.
7:54 of 3rd period - Shot by Tyler Ennis.
7:54 of 3rd period - Shot Misses the Net.
8:39 of 3rd period - Travis Konecny is hit by Ivan Provorov and loses puck.
8:44 of 3rd period - Shot by Travis Konecny.
8:44 of 3rd period - Stopped by Garret Sparks without a rebound.
8:45 of 3rd period - Nolan Patrick wins face-off versus Anders Lee in TAMPA BAY Lightning zone.
8:46 of 3rd period - Shot by Logan Couture.
8:46 of 3rd period - Stopped by Garret Sparks without a rebound.
8:47 of 3rd period - Evgeny Kuznetsov wins face-off versus Nolan Patrick in TAMPA BAY Lightning zone.
8:49 of 3rd period - Icing by Anders Lee.
8:50 of 3rd period - Nolan Patrick wins face-off versus Evgeny Kuznetsov in TAMPA BAY Lightning zone.
8:56 of 3rd period - Icing by Artem Zub.
8:57 of 3rd period - Evgeny Kuznetsov wins face-off versus Ryan Strome in TAMPA BAY Lightning zone.
9:06 of 3rd period - Shot by Anders Lee.
9:06 of 3rd period - Shot Misses the Net.
9:08 of 3rd period - Shot by Artem Zub.
9:08 of 3rd period - Stopped by Semyon Varlamov without a rebound.
9:09 of 3rd period - Oskar Sundqvist wins face-off versus Nolan Patrick in NEW YORK Rangers zone.
9:12 of 3rd period - Shot by Josh Mahura.
9:12 of 3rd period - Shot Blocked by Logan Couture.
9:18 of 3rd period - Shot by Adam Henrique.
9:18 of 3rd period - Shot Misses the Net.
9:20 of 3rd period - Shot by Adam Henrique.
9:20 of 3rd period - Deflect By Rasmus Asplund.
9:20 of 3rd period - Shot Blocked by Cody Goloubef.
9:22 of 3rd period - Shot by Adam Henrique.
9:22 of 3rd period - Deflect By Rasmus Asplund.
9:22 of 3rd period - Goal by Rasmus Asplund - NEW YORK Rangers : 2 - TAMPA BAY Lightning : 4.
9:23 of 3rd period - Ryan Strome wins face-off versus Evgeny Kuznetsov in neutral zone.
9:32 of 3rd period - Anders Lee is hit by Taylor Hall.
9:44 of 3rd period - Shot by Evander Kane.
9:44 of 3rd period - Shot Misses the Net.
10:06 of 3rd period - Shot by Evander Kane.
10:06 of 3rd period - Goal by Evander Kane - NEW YORK Rangers : 2 - TAMPA BAY Lightning : 5.
10:07 of 3rd period - Nolan Patrick wins face-off versus Oskar Sundqvist in neutral zone.
10:18 of 3rd period - Icing by Ivan Provorov.
10:19 of 3rd period - Oskar Sundqvist wins face-off versus Kieffer Bellows in TAMPA BAY Lightning zone.
10:40 of 3rd period - Shot by Adam Henrique.
10:40 of 3rd period - Stopped by Semyon Varlamov without a rebound.
10:41 of 3rd period - Evgeny Kuznetsov wins face-off versus Ryan Strome in NEW YORK Rangers zone.
10:41 of 3rd period - Evgeny Kuznetsov is hit by Torey Krug.
10:52 of 3rd period - Evander Kane is hit by Torey Krug and loses puck.
11:09 of 3rd period - Icing by Torey Krug.
11:10 of 3rd period - Oskar Sundqvist wins face-off versus Ryan Strome in NEW YORK Rangers zone.
11:25 of 3rd period - Oskar Sundqvist is hit by Travis Konecny and loses puck.
13:27 of 3rd period - Shot by Jesperi Kotkaniemi.
13:27 of 3rd period - Shot Misses the Net.
13:29 of 3rd period - Shot by Jesperi Kotkaniemi.
13:29 of 3rd period - Shot Blocked by Jon Merrill.
13:53 of 3rd period - Martin Fehervary is hit by Kieffer Bellows and loses puck.
14:22 of 3rd period - Kieffer Bellows is hit by Oskar Sundqvist and loses puck.
14:40 of 3rd period - Minor Penalty to Mark Friedman for Holding.
14:41 of 3rd period - Evgeny Kuznetsov wins face-off versus Ryan Strome in TAMPA BAY Lightning zone.
15:51 of 3rd period - Shot by Zach Hyman.
15:51 of 3rd period - Stopped by Garret Sparks without a rebound.
15:52 of 3rd period - Ryan Strome wins face-off versus Evgeny Kuznetsov in TAMPA BAY Lightning zone.
16:01 of 3rd period - Shot by Ryan Strome.
16:01 of 3rd period - Shot Blocked by Ivan Provorov.
16:03 of 3rd period - Shot by Jakob Chychrun.
16:03 of 3rd period - Stopped by Garret Sparks without a rebound.
16:04 of 3rd period - Nolan Patrick wins face-off versus Evander Kane in TAMPA BAY Lightning zone.
16:13 of 3rd period - Shot by Nolan Patrick.
16:13 of 3rd period - Shot Misses the Net.
16:15 of 3rd period - Shot by Logan Couture.
16:15 of 3rd period - Shot Blocked by Marco Scandella.
16:29 of 3rd period - Shot by Logan Couture.
16:29 of 3rd period - Stopped by Garret Sparks with a rebound.
16:31 of 3rd period - Shot by Logan Couture.
16:31 of 3rd period - Stopped by Garret Sparks without a rebound.
16:32 of 3rd period - Evgeny Kuznetsov wins face-off versus Ryan Strome in TAMPA BAY Lightning zone.
17:03 of 3rd period - Icing by Jakob Chychrun.
17:04 of 3rd period - Tyler Ennis wins face-off versus Oskar Sundqvist in NEW YORK Rangers zone.
17:04 of 3rd period - Tyler Ennis is hit by Oskar Sundqvist.
17:32 of 3rd period - Icing by Jakob Chychrun.
17:33 of 3rd period - Tyler Ennis wins face-off versus Evgeny Kuznetsov in NEW YORK Rangers zone.
18:02 of 3rd period - Shot by Anders Lee.
18:02 of 3rd period - Stopped by Semyon Varlamov without a rebound.
18:03 of 3rd period - Oskar Sundqvist wins face-off versus Ryan Strome in NEW YORK Rangers zone.
18:53 of 3rd period - Icing by Logan Stanley.
18:54 of 3rd period - Ryan Strome wins face-off versus Evander Kane in NEW YORK Rangers zone.
18:54 of 3rd period - Ryan Strome is hit by Evander Kane.
19:19 of 3rd period - Icing by Marco Scandella.
19:20 of 3rd period - Evgeny Kuznetsov wins face-off versus Ty Dellandrea in TAMPA BAY Lightning zone.
19:53 of 3rd period - Shot by Ty Dellandrea.
19:53 of 3rd period - Goal by Ty Dellandrea - NEW YORK Rangers : 3 - TAMPA BAY Lightning : 5.
19:54 of 3rd period - Oskar Sundqvist wins face-off versus Nolan Patrick in neutral zone.
Goals for this period are 1 for NEW YORK Rangers vs 2 for TAMPA BAY Lightning.
Shots for this period are 8 for NEW YORK Rangers vs 9 for TAMPA BAY Lightning.